 Dungeon Crawl Stone Soup version 0.19-a0 (webtiles) character file.

84 UnknownArtist the Insei (level 4, -5/35 HPs)
             Began as a Vampire Monk on Apr 27, 2016.
             Slain by varam's ghost (6 damage)
             ... on level 3 of the Dungeon.
             The game lasted 00:08:56 (2121 turns).

UnknownArtist the Insei (Vampire Monk)              Turns: 2121, Time: 00:08:57

Health: -5/35      AC:  0    Str: 10    XL:     4   Next: 23%
Magic:  4/4        EV: 23    Int: 12    God:
Gold:   107        SH:  0    Dex: 22    Spells: 0 memorised, 3 levels left

rFire  . . .     SeeInvis +       - Unarmed
rCold  + . .     Gourm    .     (armour currently unavailable)
rNeg   + + .     Faith    .     (shield currently unavailable)
rPois  +         Spirit   .     (helmet currently unavailable)
rElec  .         Dismiss  .     (cloak currently unavailable)
rCorr  .         Reflect  .     (gloves currently unavailable)
SustAt .         Harm     .     (boots currently unavailable)
MR     .....                    (no amulet)
Stlth  +++.......               (ring currently unavailable)
                                (ring currently unavailable)

@: bat-form, flying, regenerating slowly, very quick, not resistant to hostile
enchantments, fairly stealthy
A: fangs 3, see invisible, (unbreathing)
a: End Transformation


You were on level 3 of the Dungeon.
You were very thirsty.
You were in vampire-bat-form.
You visited 1 branch of the dungeon, and saw 3 of its levels.

You collected 107 gold pieces.

Inventory:

Armour
 a - a +0 robe
 d - a +0 leather armour
 g - a +0 pair of gloves (melded)
 j - a +0 robe (melded)
 m - a cursed +0 pair of boots (melded)
Jewellery
 k - a ring of fire (melded)
Scrolls
 e - a scroll of fog
 f - a scroll of amnesia {unknown}
 l - 3 scrolls of identify
 q - a scroll of fear {unknown}
 r - a scroll of remove curse {unknown}
Potions
 b - a potion of blood
 i - a potion of ambrosia {unknown}
 n - 2 potions of curing {unknown}
 o - 2 potions of might {unknown}
 t - 2 potions of haste {unknown}
Comestibles
 c - a beef jerky
 h - a meat ration
 p - a royal jelly
 s - 2 bread rations


   Skills:
 + Level 3.3 Fighting
 + Level 3.8 Dodging
 + Level 3.7 Stealth
 + Level 5.2 Unarmed Combat


You had 3 spell levels left.
You didn't know any spells.

Dungeon Overview and Level Annotations

Branches:
Dungeon (3/15)

Altars:
Elyvilon
Sif Muna
The Shining One

Annotations:
D:3 varam's ghost, amateur DrTm


Innate Abilities, Weirdness & Mutations

You heal slowly.
You have razor-sharp teeth.
You have supernaturally acute eyesight.
((You can survive without breathing.))


Message History

You barely miss varam's ghost.
Varam's ghost is moderately damaged.
You hit varam's ghost but do no damage.
Varam's ghost is moderately damaged.
Varam's ghost hits you.
You hit varam's ghost but do no damage.
Varam's ghost is moderately damaged.
You barely miss varam's ghost.
Varam's ghost is moderately damaged.
Varam's ghost hits you!
* * * LOW HITPOINT WARNING * * *
You barely miss varam's ghost.
Varam's ghost is moderately damaged.
Varam's ghost misses you.
You hit varam's ghost but do no damage.
Varam's ghost is moderately damaged.
You hit varam's ghost but do no damage.
Varam's ghost is moderately damaged.
Varam's ghost hits you.
You die...

######### ........#
######..# ###### ##
........# #..... ...
#######.# #..... .... #[#
#..### .....
####†####..###
......######...).........
.....ooWb$.......###..###
......######.##..# #..#
##.## #.##..# #..#
#.##..###..###
#.##..).......
###.##..###..###
.........##..#
.##.##.).....# #
##..##.##


You could see varam's ghost and 2 orcs.

Vanquished Creatures
  A gnoll (D:1)
  3 adders
  2 dart slugs
  3 giant geckos
  2 orcs (D:3)
  A giant cockroach (D:2)
  6 goblins
  4 hobgoblins
  2 jackals (D:2)
  A quokka (D:3)
  3 bats
  4 kobolds
  5 rats
37 creatures vanquished.

Vanquished Creatures (others)
  A bat (D:1)
1 creature vanquished.

Grand Total: 38 creatures vanquished

Notes
Turn   | Place    | Note
--------------------------------------------------------------
     0 | D:1      | UnknownArtist the Vampire Monk began the quest for the Orb.
     0 | D:1      | Reached XP level 1. HP: 17/17 MP: 1/1
   107 | D:1      | Found a glowing golden altar of the Shining One.
   274 | D:1      | Reached XP level 2. HP: 14/23 MP: 2/2
  1034 | D:2      | Reached XP level 3. HP: 23/29 MP: 3/3
  1068 | D:2      | Found a white marble altar of Elyvilon.
  1383 | D:2      | Found a deep blue altar of Sif Muna.
  1429 | D:2      | Reached skill level 5 in Unarmed Combat
  1860 | D:3      | Reached XP level 4. HP: 31/35 MP: 1/4
  2082 | D:3      | Noticed varam's ghost (amateur DrTm)
  2118 | D:3      | HP: 1/35 [varam's ghost (10)]
  2121 | D:3      | Slain by varam's ghost

Vault maps used:
D:1:      shiori_arrival_oz, tso_metal_star
D:2:      lemuel_round_altar, lemuel_tele_altar
D:3:      first_bread, uniq_iyjb

Skill      XL: |  1  2  3 |
---------------+----------+-----
Fighting       | 3 |  3.3
Unarmed Combat | 5 |  5.2
Dodging        | |  3.8
Stealth        | |  3.7

Action                   |  1- 3 |  4- 6 || total
-------------------------+-------+-------++-------
Melee: Unarmed           |    90 |    80 ||   170
       Bite              |    13 |    11 ||    24
       Punch             |     3 |       ||     3
 Abil: Bat Form          |     1 |       ||     1
  Use: Scroll            |     2 |       ||     2
 Stab: Sleeping          |     6 |     2 ||     8
Armor: Robe              |    13 |       ||    13
Dodge: Dodged            |    64 |    43 ||   107
